cohdb
Replays
Latest Replays
All Replays
Popular Replays
Top Player Replays
Match Explorer
How It Works
Community
CoH3 Stats
Reddit
Sign in to upload your games and track your stats! →
Sign in with Steam
Match 27785796
Unlisted
Match 27785796
Overview
Messages
Build Orders
End
Construct Barracks
Selects Airborne Battlegroup
Selects Pathfinders
Pathfinder Squad
Pathfinder Squad
M1 Mortar Team
Construct Weapon Support Center
Sniper
Selects Paratrooper Squad Paradrop
Bazooka Squad
Infantry Support Center
Construct Medical Station
Pathfinder Squad
Selects Recon Loiter
M3 Armored Personnel Carrier
M3 Armored Personnel Carrier
Sniper
Selects Paratrooper Squad Paradrop
Selects Supply Drop
Improved M9 Bazooka Rockets
Selects Anti-tank Gun Team Paradrop
Anti-tank Gun Team Paradrop
M3 Armored Personnel Carrier
Bazooka Squad
iAinEng
bbc003
kkms4001
4PARA Boltie
kencel
liuge101
红星闪铄
语隔秋烟
0
0
Comments
sign in to comment!
No comments posted yet!